 Dungeon Crawl Stone Soup version 0.29-a0-515-g7c1fb6cc08 (webtiles) character file.

Game seed: 5361185086016266660

1847 Bruhh the Ogre Mage (level 9, -5/74 HPs)
             Began as an Ogre Summoner on May 30, 2022.
             Was an Initiate of Hepliaklqana.
             Slain by an orc warrior
             ... wielding a +0 morningstar
              (13 damage)
             ... on level 6 of the Dungeon.
             The game lasted 00:12:03 (9028 turns).

Bruhh the Ogre Mage (Ogre Summoner)                 Turns: 9028, Time: 00:12:04

Health: -5/74      AC:  4    Str: 14    XL:     9   Next: 12%
Magic:  0/21       EV:  9    Int: 20    God:    Hepliaklqana [......]
Gold:   280        SH:  0    Dex:  9    Spells: 15/25 levels left

rFire   . . .      SeeInvis .   p - +2 spear (freeze)
rCold   . . .      Faith    .   (no shield)
rNeg    . . .      Spirit   +   a - +1 robe
rPois   .          Reflect  .   (helmet restricted)
rElec   .          Harm     .   (no cloak)
rCorr   .          Rampage  .   (gloves unavailable)
Will    .....                   (boots unavailable)
Stlth   +.........              D - amulet of guardian spirit
HPRegen 0.22/turn               (no ring)
MPRegen 0.17/turn               (no ring)

@: no status effects
A: large, unfitting armour, tough skin 1
a: Renounce Religion


You were on level 6 of the Dungeon.
You worshipped Hepliaklqana.
Hepliaklqana was noncommittal.
You visited 2 branches of the dungeon, and saw 7 of its levels.

You collected 280 gold pieces.

Inventory:

Hand Weapons
 p - a +2 spear of freezing (weapon)
Missiles
 d - 5 javelins
Armour
 a - a +1 robe (worn)
Magical Staves
 k - a staff of poison
Jewellery
 w - a ring of ice
 D - an amulet of guardian spirit (around neck)
Wands
 e - a wand of paralysis (6)
 y - a wand of flame (16)
Scrolls
 f - 9 scrolls of identify {unknown}
 g - a scroll of magic mapping
 h - 3 scrolls of immolation
 i - a scroll of enchant armour
 l - a scroll of vulnerability
 m - a scroll of amnesia
 n - a scroll of silence {unknown}
 r - a scroll of poison {unknown}
 t - 2 scrolls of fog {unknown}
 v - a scroll of torment {unknown}
 A - a scroll of summoning {unknown}
Potions
 b - 3 potions of magic
 c - a potion of flight {unknown}
 j - 2 potions of cancellation
 o - a potion of resistance {unknown}
 q - a potion of invisibility {unknown}
 u - 2 potions of attraction {unknown}
 x - 2 potions of brilliance {unknown}
 z - 2 potions of degeneration {unknown}
 B - a potion of might {unknown}
 E - a potion of berserk rage {unknown}


   Skills:
 - Level 1.7 Dodging
 - Level 1.4 Stealth
 + Level 8.8 Spellcasting
 - Level 7.0 Summonings
 - Level 5.0 Poison Magic


You had 15 spell levels left.
You knew the following spells:

 Your Spells              Type           Power      Damage    Failure   Level
a - Summon Small Mammal   Summ           100%       N/A       1%          1
b - Call Imp              Summ           36%        N/A       1%          2
c - Call Canine Familiar  Summ           36%        N/A       1%          3
d - Olgreb's Toxic Radia  Pois           28%        N/A       10%         4

Your spell library contained the following spells:

 Spells                   Type           Power      Damage    Failure   Level
 Sting                    Tmut/Pois      72%        1d6       2%          1
 Poisonous Vapours        Pois/Air       36%        N/A       4%          2
 Summon Guardian Golem    Hex/Summ       22%        N/A       5%          3
 Magic Dart               Conj           32%        1d4       8%          1
 Sandblast                Erth           16%        2d6       8%          1
 Ensorcelled Hibernation  Hex/Ice        16%        N/A       12%         2
 Passwall                 Tmut/Erth      6%         N/A       12%         2
 Searing Ray              Conj           16%        2d5       12%         2
 Summon Lightning Spire   Summ/Air       22%        N/A       19%         4
 Stone Arrow              Conj/Erth      16%        3d8       24%         3
 Swiftness                Air            8%         N/A       24%         3
 Fulminant Prism          Conj/Hex       4%         3d6       61%         4


Dungeon Overview and Level Annotations

Branches:
Dungeon (6/15)             Temple (1/1) D:6

Altars:
Ashenzari
Dithmenos
Elyvilon
Fedhas
Gozag
Hepliaklqana
Kikubaaqudgha
Makhleb
Nemelex Xobeh
Okawaru
Qazlal
Ru
Sif Muna
Trog
Uskayaw
Vehumet
Wu Jian
Yredelemnul
Zin
The Shining One

Shops:
D:2 *[?=

Annotations:
D:3 3 runed translucent doors, Lekart's ghost, weakling DrCK


Innate Abilities, Weirdness & Mutations

You are too large for most types of armour.
You have tough skin. (AC +1)


Message History

You barely miss the orc warrior.
The orc warrior is almost dead.
You kill the orc priest! x2
The orc warrior closely misses you.
You closely miss the orc warrior.
The orc warrior is almost dead.
The orc warrior hits you with a +0 morningstar!
* * * LOW HITPOINT WARNING * * *
Unknown command.
You hit the orc warrior. You freeze the orc warrior.
The orc warrior is almost dead.
The orc priest calls upon Beogh to heal the orc warrior.
The orc warrior is healed somewhat.
Unknown command.
You barely miss the orc warrior.
The orc warrior is severely wounded.
The orc warrior misses you.
Unknown command.
Casting: Olgreb's Toxic Radiance (dangerous; 10% risk of failure)
Confirm with . or Enter, or press ? or * to list all spells.
You don't have enough magic to cast this spell.
Unknown command.
Casting: Olgreb's Toxic Radiance (dangerous; 10% risk of failure)
Confirm with . or Enter, or press ? or * to list all spells.
The orc warrior hits you with a +0 morningstar!
* * * LOW HITPOINT WARNING * * *
You feel better.
The orc warrior hits you with a +0 morningstar!
* * * LOW HITPOINT WARNING * * *
Your magical contamination has completely faded away.
You feel better.
Your wolf closely misses the orc warrior.
The orc warrior misses you.
Your wolf misses the orc warrior.
You swap places.
The orc priest attacks as you move away!
The orc priest hits you with a +0 club.
* * * LOW HITPOINT WARNING * * *
Your wolf misses the orc warrior.
The orc warrior hits you with a +0 morningstar!
You die...

*,,,,,,,**#..## *#######....#*
**,,,,,** *#..###...........##
*,,,,,* *#)..............)#
**,,,** #....###########..
***** #).### ##. ##..# #### #.
##### #.o.# ###..## ##
....######### #oh## ##.....# #
##..........###.@######.....##
## ####...............#......##
#.
#..c#####....##.........######.
#.#.#####.....#.###............
#...............# ##.####..†...
#..##....#...##.## ### ####...
#.....##.#......(## ##...
#.##.......##.#...## #....
#....#..##....#....## *#....


You could see an orc warrior (very poisoned, ally target), an orc priest and a
friendly wolf (summoned).

Vanquished Creatures
  A sky beast (D:6)
  2 ogres
  A black bear (D:6)
  A centaur (D:6)
  2 bullfrogs (D:6)
  3 orc priests (D:6)
  An iguana (D:5)
  An orc wizard (D:6)
  2 adders
  An ufetubus (D:4)
  2 worms
  3 dart slugs
  6 orcs
  4 bats
  4 endoplasms
  3 giant cockroaches
  7 goblins
  3 hobgoblins
  5 jackals
  5 kobolds
  2 quokkas (D:1)
  7 ball pythons
  2 frilled lizards
  3 rats
71 creatures vanquished.

Vanquished Creatures (collateral kills)
  Pikel (D:6)
  Grinder (D:4)
  An ogre (D:5)
  A scorpion (D:5)
  A wight (D:6)
  A howler monkey (D:6)
  A jelly (D:5)
  2 iguanas
  A gnoll (D:1)
  2 adders (D:5)
  A white imp (D:6)
  An ufetubus (D:6)
  A worm (D:3)
  A dart slug (D:2)
  3 orcs
  2 ball pythons (D:2)
  4 endoplasms
  2 giant cockroaches (D:1)
  2 goblins
  2 hobgoblins (D:1)
  3 jackals
  4 kobolds
  A quokka (D:2)
  2 bats (D:1)
  A frilled lizard (D:2)
  A rat (D:2)
43 creatures vanquished.

Vanquished Creatures (others)
  A rat (D:3)
  A plant (D:4)
2 creatures vanquished.

Grand Total: 116 creatures vanquished

Notes
Turn   | Place    | Note
-------+----------+-------------------------------------------
     0 | D:1      | Bruhh the Ogre Summoner began the quest for the Orb.
     0 | D:1      | Reached XP level 1. HP: 16/16 MP: 3/3
   459 | D:1      | Reached XP level 2. HP: 24/24 MP: 3/5
   555 | D:1      | Reached skill level 3 in Spellcasting
   700 | D:1      | Reached XP level 3. HP: 28/31 MP: 5/7
   782 | D:1      | Learned a level 2 spell: Call Imp
  1023 | D:1      | Found a faded altar of an unknown god.
  2161 | D:2      | Found Urruis's Armour Boutique.
  2192 | D:2      | Found Ubaxam's Magic Scroll Boutique.
  2259 | D:2      | Found Bygeelo's General Store.
  2307 | D:2      | Reached XP level 4. HP: 33/39 MP: 6/9
  2642 | D:2      | Found Jushrys's Jewellery Shop.
  3198 | D:3      | Reached skill level 4 in Spellcasting
  3347 | D:3      | Noticed Lekart's ghost (weakling DrCK)
  3354 | D:3      | Found a runed translucent gate.
  3354 | D:3      | Found a runed translucent gate.
  3355 | D:3      | Found a runed translucent gate.
  3708 | D:3      | Found a shadowy altar of Dithmenos.
  3885 | D:4      | Reached XP level 5. HP: 32/45 MP: 8/11
  3986 | D:4      | Learned a level 3 spell: Call Canine Familiar
  4222 | D:4      | Noticed Grinder
  4259 | D:4      | Paralysed by Grinder for 4 turns
  4263 | D:4      | Killed Grinder
  4264 | D:4      | Reached skill level 5 in Spellcasting
  4264 | D:4      | Reached skill level 5 in Summonings
  4264 | D:4      | Reached XP level 6. HP: 28/53 MP: 1/14
  4507 | D:4      | Found a glowing golden altar of the Shining One.
  5101 | D:5      | Entered Level 5 of the Dungeon
  5406 | D:5      | Reached skill level 6 in Spellcasting
  5406 | D:5      | Reached XP level 7. HP: 45/59 MP: 11/16
  5703 | D:5      | Reached skill level 1 in Poison Magic
  6779 | D:6      | Found a staircase to the Ecumenical Temple.
  6811 | D:6      | Identified the +2 pair of boots of Baldness {Will+}
  6814 | Temple   | Entered the Ecumenical Temple
  6903 | Temple   | Became a worshipper of Hepliaklqana the Forgotten
  7009 | D:6      | Reached XP level 8. HP: 35/67 MP: 12/17
  7500 | D:6      | Noticed Pikel
  7652 | D:6      | Killed Pikel
  7653 | D:6      | Reached skill level 7 in Spellcasting
  7653 | D:6      | Reached skill level 5 in Poison Magic
  7658 | D:6      | Learned a level 4 spell: Olgreb's Toxic Radiance
  8131 | D:6      | Reached skill level 8 in Spellcasting
  8131 | D:6      | Reached XP level 9. HP: 48/74 MP: 5/21
  8157 | D:6      | HP: 1/74 [centaur/arrow (10)]
  9026 | D:6      | HP: 2/74 [orc warrior/+0 morningstar (12)]
  9028 | D:6      | Slain by an orc warrior

Illustrated notes

Levels and vault maps discovered:
D:1:      dpeg_arrival_round_c, layout_loops_ring,
          hellmonk_ecumenical_altar_blasted, grunt_decor_mini_mirrors
D:2:      layout_basic, serial_shops, shop, shop, shop, nicolae_diamond_shop
D:3:      layout_rooms, grunt_dithmenos_smoke, gammafunk_ghost_split,
          lemuel_old_faithful
D:4:      layout_loops_ring, tso_oasis_becter, uniq_grinder
D:5:      layout_loops_cross
D:6:      layout_cave_pods, minmay_temple_entry_ruins, uniq_pikel
Temple:   mainiacjoe_temple_coin_purse

Skill      XL: |  1  2  3  4  5  6  7  8 |
---------------+-------------------------+-----
Spellcasting   | 3 4 5 6 8 |  8.8
Summonings     | 4 5 6 7 |  7.0
Poison Magic   | 3 5 |  5.0
Dodging        | |  1.7
Stealth        | |  1.4

Action                   |  1- 3 |  4- 6 |  7- 9 || total
-------------------------+-------+-------+-------++-------
Melee: Unarmed           |     6 |       |       ||     6
       Staff             |   100 |    11 |       ||   111
       Spear             |       |   131 |    62 ||   193
       Punch             |       |     1 |       ||     1
 Cast: Summon Small Mamm |    49 |    72 |    24 ||   145
       Call Imp          |     1 |       |     6 ||     7
       Call Canine Famil |       |    10 |    16 ||    26
       Olgreb's Toxic Ra |       |       |    11 ||    11
Evoke: Wand              |       |       |     1 ||     1
  Use: Potion            |       |     2 |     7 ||     9
       Scroll            |       |       |     8 ||     8
 Stab: Distracted        |       |     2 |     2 ||     4
       Sleeping          |       |     1 |       ||     1
       Paralysed         |       |       |     1 ||     1
Armor: Robe              |    48 |    26 |    16 ||    90
Dodge: Dodged            |    71 |    47 |    50 ||   168

Table legend: (Time is in decaauts)
 A = Elapsed time spent in this place.
 B = Non-inter-level travel time spent in this place.
 C = Inter-level travel time spent in this place.
 D = Time resting spent in this place.
 E = Time spent auto-exploring this place.
 F = Levels seen in this place.
 G = Mean time per level.
                   A        B        C        D        E       F      G
               +--------+--------+--------+--------+--------+-----+--------+
         Total |   9074 |   8855 |    219 |    971 |   6649 |   7 | 1296.3 |
       Dungeon |   8404 |   8224 |    180 |    446 |   6560 |   6 | 1400.7 |
        Temple |    670 |    631 |     39 |    525 |     89 |   1 |  670.0 |
               +--------+--------+--------+--------+--------+-----+--------+

Top non-repeatable levels by time:
     D:1: 1951 daAuts
     D:6: 1662 daAuts
     D:5: 1605 daAuts
     D:4: 1249 daAuts
     D:2: 1148 daAuts
     D:3: 786 daAuts
  Temple: 670 daAuts
